 Seeded DCSS version 0.30-a0-381-g6ea064c7b4 (webtiles) character file.

Game seed: 20221202 (custom seed)

2524 McGhostyFace the Fighter (level 9, -1/78 HPs)
             Began as a Gnoll Wanderer on Dec 2, 2022.
             Was an Initiate of Ashenzari.
             Slain by Grum
             ... wielding a +1 glaive of pain
              (27 damage)
             ... on level 10 of the Dungeon.
             The game lasted 00:28:57 (12665 turns).

McGhostyFace the Fighter (Gnoll Wanderer)          Turns: 12665, Time: 00:28:57

Health: -1/78      AC:  4    Str: 16    XL:     9   Next: 54%
Magic:  3/17       EV: 12    Int: 15    God:    Ashenzari [......]
Gold:   352        SH:  5    Dex:  8    Spells: 5/18 levels left

rFire   . . .      SeeInvis +    n - +0 long sword (venom)
rCold   . . .      Faith    .    A - orb {*channel}
rNeg    . . .      Spirit   .    d - +0 leather armour
rPois   .          Reflect  +    g - +0 helmet
rElec   .          Harm     .    (no cloak)
rCorr   .          Rampage  .    (no gloves)
Will    .....                    (no boots)
Stlth   ++........               G - amulet of reflection
HPRegen 0.33/turn                B - ring of see invisible
MPRegen 0.15/turn                (no ring)

@: no status effects
A: fangs 1, strong nose, distributed training
a: Renounce Religion


You were on level 10 of the Dungeon.
You worshipped Ashenzari.
Ashenzari was noncommittal.
You visited 2 branches of the dungeon, and saw 9 of its levels.
You also visited: Ossuary.

You collected 352 gold pieces.

Inventory:

Hand Weapons
 i - a +0 spear
 n - a +0 long sword of venom (weapon)
 o - a +0 halberd
Missiles
 s - 6 poisoned darts
 E - a throwing net
Armour
 d - a +0 leather armour (worn)
 g - a +0 helmet (worn)
 A - an orb of energy (worn)
 D - a +0 ring mail of positive energy
Jewellery
 B - a ring of see invisible (left hand)
 G - an amulet of reflection (around neck)
Wands
 a - a wand of paralysis (10)
 q - a wand of acid (5)
Scrolls
 e - a scroll of silence
 m - a scroll of fog {unknown}
 p - a scroll of blinking {unknown}
 t - a scroll of torment {unknown}
 u - a scroll of poison {unknown}
 w - 5 scrolls of enchant armour
 x - 2 scrolls of amnesia {unknown}
 y - 3 scrolls of noise {unknown}
 H - a scroll of magic mapping
 J - 4 scrolls of fear
 K - a scroll of immolation {unknown}
 L - a scroll of teleportation {unknown}
 M - a scroll of vulnerability {unknown}
Potions
 c - 2 potions of resistance
 f - 2 potions of lignification {unknown}
 h - 4 potions of curing
 j - 3 potions of degeneration
 k - 4 potions of flight
 l - a potion of invisibility {unknown}
 r - 2 potions of attraction {unknown}
 v - a potion of haste {unknown}
 z - 3 potions of might {unknown}
 C - 2 potions of berserk rage {unknown}
 F - a potion of brilliance {unknown}
 I - a potion of heal wounds
Miscellaneous
 b - a piece from Xom's chessboard (15/15)


   Skills:
 + Level 9.7 Fighting
 + Level 4.5 Short Blades
 + Level 4.5 Long Blades
 + Level 4.5 Axes
 + Level 4.5 Maces & Flails
 + Level 4.5 Polearms
 + Level 4.5 Staves
 + Level 4.5 Ranged Weapons
 + Level 4.5 Throwing
 + Level 4.5 Armour
 + Level 4.5 Dodging
 + Level 4.5 Stealth
 + Level 4.5 Shields
 + Level 4.5 Unarmed Combat
 + Level 5.4 Spellcasting
 + Level 3.7 Conjurations
 + Level 3.7 Hexes
 + Level 3.7 Summonings
 + Level 6.7 Necromancy
 + Level 3.7 Translocations
 + Level 3.7 Transmutations
 + Level 3.7 Fire Magic
 + Level 3.7 Ice Magic
 + Level 3.7 Air Magic
 + Level 3.7 Earth Magic
 + Level 3.7 Poison Magic
 + Level 5.0 Invocations
 + Level 6.5 Evocations


You had 5 spell levels left.
You knew the following spells:

 Your Spells              Type           Power      Damage    Failure   Level
a - Necrotise             Necr           96%        1d8       1%          1
b - Dispel Undead         Necr           24%        3d12      12%         4
c - Vampiric Draining     Necr           24%        2d7       3%          3
d - Agony                 Necr           24%        N/A       32%         5

Your spell library contained the following spells:

 Spells                   Type           Power      Damage    Failure   Level
 Sublimation of Blood     Necr           24%        N/A       1%          2
 Apportation              Tloc           30%        N/A       4%          1
 Beastly Appendage        Tmut           30%        N/A       4%          1
 Summon Small Mammal      Summ           60%        N/A       4%          1
 Cigotuvi's Dreadful Rot  Necr/Pois/Air  36%        N/A       4%          2
 Poisonous Vapours        Pois/Air       30%        N/A       6%          2
 Wereblood                Tmut           15%        N/A       6%          2
 Mephitic Cloud           Conj/Pois/Air  15%        N/A       12%         3
 Spider Form              Tmut/Pois      15%        N/A       12%         3
 Tukima's Dance           Hex            15%        N/A       12%         3
 Passage of Golubria      Tloc           15%        N/A       36%         4
 Yara's Violent Unravell  Hex/Tmut       7%         3d5       73%         5


Dungeon Overview and Level Annotations

Branches:
Dungeon (7/15)             Temple (1/1) D:4         Ossuary (visited)

Altars:
Ashenzari
Cheibriados
Dithmenos
Elyvilon
Fedhas
Hepliaklqana
Kikubaaqudgha
Makhleb
Nemelex Xobeh
Okawaru
Qazlal
Ru
Sif Muna
Trog
Uskayaw
Vehumet
Xom
Yredelemnul
Zin
The Shining One

Annotations:
D:4 3 runed translucent doors, arthad's ghost, novice GnCA
D:10 Grum


Innate Abilities, Weirdness & Mutations

You have very sharp teeth.
Your uncanny sense of smell can sniff out nearby items.
Your experience applies equally to all skills.


Message History

Press: ? - help, Shift-Dir - straight line, f/p - wolf
Aim: a wolf (moderately wounded, very poisoned)
You draw life force from the wolf!
You feel life coursing into your body. The wolf barely misses you.
Your wolf skeleton bites Grum.
Grum hits your wolf skeleton with a +1 glaive of pain!!
The wolf attacks as you move away! The wolf barely misses you.
Your wolf skeleton bites Grum.
The wolf bites you!
Grum hits your wolf skeleton with a +1 glaive of pain!!
Your wolf skeleton is destroyed!
Grum growls angrily.
Casting: Vampiric Draining (dangerous; 3% risk of failure)
Confirm with . or Enter, or press ? or * to list all spells.
Aiming: Vampiric Draining (dangerous; 3% risk of failure)
Press: ? - help, Shift-Dir - straight line, f/p - wolf
Aim: a wolf (severely wounded, very poisoned)
You draw life force from the wolf.
You kill the wolf!
You feel life coursing into your body.
Your Invocations skill increases to level 5!
Grum shouts, "Faster, Sparky!
Kill!
Kill!"
Casting: Vampiric Draining (dangerous; 3% risk of failure)
Confirm with . or Enter, or press ? or * to list all spells.
Aiming: Necrotise (safe; 1% risk of failure)
Press: ? - help, Shift-Dir - straight line, f - Grum
Aim: Grum, wielding a +1 glaive of pain and wearing a +0 animal skin (severely wounded, chance to affect: 88%) Grum barely resists.
Magical energy flows into your mind!
Grum hits you from afar with a +1 glaive of pain!
* * * LOW HITPOINT WARNING * * *
Aiming: Corrosive Bolt
Press: ? - help, Shift-Dir - straight line, f/p - Grum
Aim: Grum, wielding a +1 glaive of pain and wearing a +0 animal skin (severely wounded, 77% to hit)
The bolt of acid hits Grum!
The acid corrodes Grum!
Grum is almost dead.
Grum hits you from afar with a +1 glaive of pain!
* * * LOW HITPOINT WARNING * * *
You writhe in agony.
* * * LOW HITPOINT WARNING * * *
You feel much better.
Grum hits you from afar with a +1 glaive of pain!!
You die...

#...........#
#.)...#
##..........#
#...###
##.........#
#...#
##.......##
#...#
##......#
##...#
###....#
#...## ##...#
##.### ∆
##.## #..#
### #@##
###.# #..g##
......#..##
#..#####..#
#. ###..#
#..# #...
##...


You could see Grum (corroded).

Vanquished Creatures
  Sigmund (D:2)
  A hornet zombie (Ossuary)
  An ogre (D:5)
  3 centaurs
  2 wolves (D:10)
  Blork the orc (D:5)
  A necrophage (D:4)
  A wyvern zombie (Ossuary)
  6 bullfrog zombies (Ossuary)
  3 centaur zombies (Ossuary)
  A hound (D:6)
  2 gnoll boudas
  3 orc priests
  6 iguanas
  8 orc wizards
  3 killer bee zombies (Ossuary)
  17 mummies
  10 gnolls
  5 howler monkey zombies (Ossuary)
  8 adders
  5 white imps
  A worm (D:2)
  8 dart slugs
  17 orcs
  3 ball pythons
  6 endoplasms
  3 giant cockroaches
  5 goblins
  12 hobgoblins
  8 jackals
  3 quokkas
  8 bats
  2 frilled lizards
  2 kobolds
  4 rats (D:1)
170 creatures vanquished.

Vanquished Creatures (collateral kills)
  A gnoll (D:5)
  3 dart slugs (D:3)
  An endoplasm (D:3)
  2 jackals (D:1)
7 creatures vanquished.

Vanquished Creatures (others)
  An orc (D:6)
  5 withered plants (Ossuary)
6 creatures vanquished.

Grand Total: 183 creatures vanquished

Notes
Turn   | Place    | Note
-------+----------+-------------------------------------------
     0 | D:1      | McGhostyFace the Gnoll Wanderer began the quest for the
                  | Orb.
     0 | D:1      | McGhostyFace set off with the following items: a +0 club, a
                  | piece from Xom's chessboard (15/15), a potion of heal
                  | wounds, a +0 leather armour, a scroll of silence; and the
                  | following spell memorised: Necrotise; and the following
                  | spells available to memorise: Sublimation of Blood, Dispel
                  | Undead.
     0 | D:1      | Reached XP level 1. HP: 26/26 MP: 4/4
   263 | D:1      | Reached XP level 2. HP: 31/33 MP: 5/5
   640 | D:1      | Reached XP level 3. HP: 36/38 MP: 4/7
   944 | D:1      | Reached skill level 1 in Invocations
  1829 | D:2      | Reached skill level 1 in Short Blades
  1829 | D:2      | Reached skill level 1 in Long Blades
  1829 | D:2      | Reached skill level 1 in Axes
  1829 | D:2      | Reached skill level 1 in Maces & Flails
  1829 | D:2      | Reached skill level 1 in Polearms
  1829 | D:2      | Reached skill level 1 in Staves
  1829 | D:2      | Reached skill level 1 in Ranged Weapons
  1829 | D:2      | Reached skill level 1 in Throwing
  1829 | D:2      | Reached skill level 1 in Armour
  1829 | D:2      | Reached skill level 1 in Dodging
  1829 | D:2      | Reached skill level 1 in Stealth
  1829 | D:2      | Reached skill level 1 in Shields
  1829 | D:2      | Reached skill level 1 in Unarmed Combat
  2347 | D:1      | Reached XP level 4. HP: 15/45 MP: 0/8
  2588 | D:2      | Reached skill level 1 in Conjurations
  2588 | D:2      | Reached skill level 1 in Hexes
  2588 | D:2      | Reached skill level 1 in Summonings
  2588 | D:2      | Reached skill level 1 in Translocations
  2588 | D:2      | Reached skill level 1 in Transmutations
  2588 | D:2      | Reached skill level 1 in Fire Magic
  2588 | D:2      | Reached skill level 1 in Ice Magic
  2588 | D:2      | Reached skill level 1 in Air Magic
  2588 | D:2      | Reached skill level 1 in Earth Magic
  2588 | D:2      | Reached skill level 1 in Poison Magic
  3113 | D:2      | Noticed Sigmund
  3125 | D:2      | Killed Sigmund
  3126 | D:2      | Reached XP level 5. HP: 41/51 MP: 1/10
  3126 | D:2      | Reached XP level 6. HP: 46/57 MP: 1/11
  3293 | D:3      | Reached skill level 5 in Evocations
  3974 | D:3      | Found a hazy altar of Hepliaklqana.
  4508 | D:3      | Learned a level 4 spell: Dispel Undead
  4556 | D:4      | Found a runed translucent gate.
  4557 | D:4      | Found a runed translucent gate.
  4558 | D:4      | Found a runed translucent gate.
  4563 | D:4      | Noticed arthad's ghost (novice GnCA)
  4565 | D:4      | Identified the +0 scale mail of the Ten Visionaries
                  | {Rampage +Inv}
  4893 | D:4      | Reached XP level 7. HP: 63/63 MP: 9/12
  5048 | D:4      | Found a staircase to the Ecumenical Temple.
  5064 | Temple   | Entered the Ecumenical Temple
  5893 | D:5      | Entered Level 5 of the Dungeon
  6118 | D:5      | Reached skill level 9 in Fighting
  7764 | D:5      | Found a shadowy altar of Dithmenos.
  7764 | D:5      | Found a glowing golden altar of the Shining One.
  7855 | D:5      | Noticed Blork the orc
  7866 | D:5      | Killed Blork the orc
  7867 | D:5      | Reached XP level 8. HP: 65/71 MP: 5/14
  7934 | D:5      | Learned a level 3 spell: Vampiric Draining
  9390 | D:6      | Found a broken altar of Ashenzari.
  9411 | D:6      | Found a burning altar of Makhleb.
  9459 | D:6      | Became a worshipper of Ashenzari the Shackled
 10331 | D:7      | Found a sand-covered staircase.
 10344 | Ossuary  | Entered an ossuary
 11211 | Ossuary  | Reached XP level 9. HP: 18/75 MP: 2/16
 11455 | Ossuary  | Reached skill level 5 in Spellcasting
 12517 | D:7      | You fall into a shaft and drop 3 floors!
 12517 | D:10     | Entered Level 10 of the Dungeon
 12580 | D:10     | Learned a level 5 spell: Agony
 12644 | D:10     | Noticed Grum
 12662 | D:10     | Reached skill level 5 in Invocations
 12665 | D:10     | Slain by Grum

Illustrated notes

Levels and vault maps discovered:
D:1:      dreamdust_arrival_beginning_and_end, layout_loops_corners
D:2:      layout_basic, minivault_24, minmay_tripent, uniq_sigmund
D:3:      kennysheep_slugbush, layout_loops_ring,
          nicolae_hepliaklqana_hippocampus
D:4:      layout_basic, minmay_temple_entry_statues_pillars,
          biasface_ghost_orc_armoury, dk_noncrumbling_3
D:5:      layout_loops_ring, gammafunk_temple_overflow_elements,
          uniq_blork_the_orc
D:6:      layout_rooms, gammafunk_temple_overflow_pools
D:7:      layout_loops_ring, mainiacjoe_overflow_alcove_4,
          gup_ossuary_entry_pyramid, minmay_shattered_shrine, uniq_menkaure
D:10:     layout_cave_pods, uniq_grum
Temple:   bh_familiar_temple

Skill      XL: |  1  2  3  4  5  6  7  8  9 |
---------------+----------------------------+-----
Invocations    | 1 2 3 4 5 |  5.0
Short Blades   | 1 2 3 4 |  4.5
Long Blades    | 1 2 3 4 |  4.5
Axes           | 1 2 3 4 |  4.5
Maces & Flails | 1 2 3 4 |  4.5
Polearms       | 1 2 3 4 |  4.5
Staves         | 1 2 3 4 |  4.5
Ranged Weapons | 1 2 3 4 |  4.5
Throwing       | 1 2 3 4 |  4.5
Armour         | 1 2 3 4 |  4.5
Dodging        | 1 2 3 4 |  4.5
Stealth        | 1 2 3 4 |  4.5
Shields        | 1 2 3 4 |  4.5
Unarmed Combat | 1 2 3 4 |  4.5
Spellcasting   | 3 4 5 |  5.4
Conjurations   | 1 2 3 |  3.7
Hexes          | 1 2 3 |  3.7
Summonings     | 1 2 3 |  3.7
Translocations | 1 2 3 |  3.7
Transmutations | 1 2 3 |  3.7
Fire Magic     | 1 2 3 |  3.7
Ice Magic      | 1 2 3 |  3.7
Air Magic      | 1 2 3 |  3.7
Earth Magic    | 1 2 3 |  3.7
Poison Magic   | 1 2 3 |  3.7
Evocations     | 5 6 |  6.5
Fighting       | 9 |  9.7
Necromancy     | 6 |  6.7

Action                   |  1- 3 |  4- 6 |  7- 9 || total
-------------------------+-------+-------+-------++-------
Melee: Club              |    73 |       |       ||    73
       Bite              |     8 |     9 |    33 ||    50
       Punch             |     1 |     2 |     1 ||     4
       Spear             |    34 |    86 |    47 ||   167
       Long sword        |       |       |   173 ||   173
 Cast: Necrotise         |    38 |    57 |   222 ||   317
       Dispel Undead     |       |     1 |    36 ||    37
       Vampiric Draining |       |       |     2 ||     2
Evoke: Wand              |       |     1 |     2 ||     3
  Use: Potion            |       |       |     3 ||     3
       Scroll            |       |       |     8 ||     8
 Stab: Sleeping          |       |     1 |     1 ||     2
Armor: Leather armour    |    74 |    20 |    74 ||   168
       Ring mail         |       |       |    18 ||    18
Dodge: Dodged            |   112 |    59 |   243 ||   414
Block: Orb               |       |       |    15 ||    15
       Reflection        |       |       |     2 ||     2

Table legend: (Time is in decaauts)
 A = Elapsed time spent in this place.
 B = Non-inter-level travel time spent in this place.
 C = Inter-level travel time spent in this place.
 D = Time resting spent in this place.
 E = Time spent auto-exploring this place.
 F = Levels seen in this place.
 G = Mean time per level.
                   A        B        C        D        E       F      G
               +--------+--------+--------+--------+--------+-----+--------+
         Total |  12742 |  12529 |    213 |   6135 |   4071 |  10 | 1274.2 |
       Dungeon |  10416 |  10240 |    176 |   4640 |   3695 |   8 | 1302.0 |
        Temple |    311 |    274 |     37 |     54 |    215 |   1 |  311.0 |
       Ossuary |   2014 |   2014 |      0 |   1441 |    160 |   1 | 2014.0 |
               +--------+--------+--------+--------+--------+-----+--------+

Top non-repeatable levels by time:
     D:5: 2883 daAuts
 Ossuary: 2014 daAuts
     D:1: 1764 daAuts
     D:2: 1532 daAuts
     D:6: 1452 daAuts
     D:4: 1245 daAuts
     D:3: 1132 daAuts
  Temple: 311 daAuts
     D:7: 257 daAuts
    D:10: 148 daAuts
